 Dungeon Crawl Stone Soup version 0.29.0-4-gdea44cf6ec (webtiles) character file.

Game seed: 11779863333199313639

7 qw the Sneak (level 2, 0/19 HPs)
             Began as a Gargoyle Delver on Sept 10, 2022.
             Slain by a hound (1 damage)
             ... on level 4 of the Dungeon.
             The game lasted 00:00:09 (482 turns).

qw the Sneak (Gargoyle Delver)                       Turns: 482, Time: 00:00:10

Health: 0/19       AC:  5    Str: 15    XL:     2   Next: 0%
Magic:  2/2        EV: 11    Int: 10    God:
Gold:   26         SH:  0    Dex: 11    Spells: 1/1 levels left

rFire   . . .      SeeInvis .   a - +0 hand axe
rCold   . . .      Faith    .   (no shield)
rNeg    + . .      Spirit   .   b - +0 leather armour
rPois   inf        Reflect  .   (no helmet)
rElec   +          Harm     .   (no cloak)
rCorr   .          Rampage  .   (no gloves)
Will    .....                   (no boots)
Stlth   +++.......              (no amulet)
HPRegen 0.06/turn               (no ring)
MPRegen 0.08/turn               (no ring)

@: no status effects
A: sickness immunity, AC +2, negative energy resistance 1, electricity
resistance, torment resistance 1, petrification resistance
a: no special abilities


You were on level 4 of the Dungeon.
You visited 1 branch of the dungeon, and saw 2 of its levels.

You collected 26 gold pieces.


Innate Abilities, Weirdness & Mutations

You are immune to sickness and miasma.
Your stone body is resilient. (AC +2)
You are immune to poison.
You resist negative energy. (rN+)
You are resistant to electric shocks. (rElec)
You are resistant to unholy torment.
You are immune to petrification.


   Skills:
 - Level 3.2 Fighting
 + Level 2.4 Axes
 - Level 1.5 Dodging
 - Level 5.4 Stealth


You had one spell level left.
You didn't know any spells.
Your spell library was empty.

Inventory:

Hand Weapons
 a - a +0 hand axe (weapon)
Armour
 b - a +0 leather armour (worn)
Wands
 g - a wand of digging (3)
Potions
 f - a potion of haste

Dungeon Overview and Level Annotations

Branches:
Dungeon (5/15)
 Temple: D:4-7

Altars:


Message History

A hound comes into view.
The kobold hits you but does no damage.
You closely miss the kobold. The kobold barely misses you.
You closely miss the kobold. The kobold hits you but does no damage.
You barely miss the kobold. The kobold closely misses you.
You closely miss the kobold.
The kobold hits you with a +0 short sword.
You miss the kobold.
The hound barks!
The kobold hits you with a +0 short sword.
The kobold hits you but does no damage.
You hit the kobold.
The kobold is severely wounded.
The kobold hits you with a +0 short sword.
You hit the kobold.
You kill the kobold!
The hound pauses to sniff the ground.
You have reached level 2!
You barely miss the hound. The hound bites you. The hound barely misses you.
You hit the hound but do no damage. The hound barely misses you.
The hound bites you but does no damage.
You miss the hound. The hound barely misses you. x2
You hit the hound.
The hound is lightly wounded.
The hound barely misses you. The hound completely misses you.
You hit the hound.
The hound is moderately wounded.
The hound closely misses you.
You hit the hound but do no damage.
The hound is moderately wounded.
The hound bites you. The hound completely misses you.
You miss the hound.
The hound is moderately wounded.
The hound bites you but does no damage. The hound bites you.
You die...

.. .......#
...=#####
#......#
.....nh.###
#......#
.##...#@..###
#......# ###
###...#
#......#
###>#
#......# #.#
#.....[#
#.###......#
#....#######
####..#
##.#######
#..#....#


You could see a necrophage and a hound.

Vanquished Creatures
  An endoplasm (D:4)
  A kobold (D:4)
  A quokka (D:4)
  A ball python (D:4)
  3 rats (D:4)
7 creatures vanquished.

Notes
Turn   | Place    | Note
-------+----------+-------------------------------------------
     0 | D:5      | qw the Gargoyle Delver began the quest for the Orb.
     0 | D:5      | Reached XP level 1. HP: 14/14 MP: 1/1
     0 | D:5      | 0 ||| qw: Version: 0.1-a-116-g5d60599
     0 | D:5      | 0 ||| qw: Game counter: 8739
     0 | D:5      | 0 ||| qw: Always use a shield: true
     0 | D:5      | 0 ||| qw: God list: Okawaru
     0 | D:5      | 0 ||| qw: Allow faded altars: false
     0 | D:5      | 0 ||| qw: Do Orc after D:15 true
     0 | D:5      | 0 ||| qw: Do second Lair branch before Depths: true
     0 | D:5      | 0 ||| qw: Lair rune preference: random
     0 | D:5      | 0 ||| qw: Plans: Normal
     0 | D:5      | 0 ||| PLANNING D:1-11
     2 | D:5      | 2 ||| DROPPING scroll of fog.
     3 | D:5      | 3 ||| DROPPING scroll of magic mapping.
     4 | D:5      | 4 ||| DROPPING scroll of fear.
    11 | D:5      | Noticed a shadow
    14 | D:4      | 14 ||| PLANNING SEWER
   107 | D:4      | HP: 2/14 [quokka (4)]
   456 | D:4      | 456 ||| Stepping ~*~*~tactically~*~*~ (stealth).
   461 | D:4      | 461 ||| Stepping ~*~*~tactically~*~*~ (stealth).
   465 | D:4      | Noticed a necrophage
   468 | D:4      | Noticed a hound
   476 | D:4      | Reached XP level 2. HP: 7/19 MP: 2/2
   481 | D:4      | HP: 1/19 [hound (5)]
   482 | D:4      | Slain by a hound

Levels and vault maps discovered:
D:4:      layout_basic, gup_sewer_entry_bowl
D:5:      layout_loops_ring, temple_pool_b, gammafunk_ghost_split

Skill      XL: |  1 |
---------------+----+-----
Axes           | 2 |  2.4
Fighting       | |  3.2
Dodging        | |  1.5
Stealth        | |  5.4

Action                   || total
-------------------------++-------
Melee: Hand axe          ||    36
Armor: Leather armour    ||    11
Dodge: Dodged            ||    19

Table legend:
 A = Non-vault XP
 B = Vault XP
 C = Vault XP percentage of total XP
 D = Non-vault monster count
 E = Vault monster count
 F = Vault count percentage of total count
                 A         B        C        D         E       F
            +---------+---------+-------+---------+---------+-------
      Total |       5 |       5 |  50.0 |       3 |       4 |  57.1
            +---------+---------+-------+---------+---------+-------
        D:4 |       5 |       5 |  50.0 |       3 |       4 |  57.1
            +---------+---------+-------+---------+---------+-------
